 Dungeon Crawl Stone Soup version 0.30-a0-883-g5ad918d77d (webtiles) character file.

Game seed: 6434520199883668576

11958 BlueFish the Covert (level 11, -1/80 HPs)
             Began as a Vampire Enchanter on Mar 17, 2023.
             Was a Believer of Dithmenos.
             Slain by a centaur warrior
             ... wielding a +4 spear of distortion
              (4 damage)
             ... on level 9 of the Dungeon.
             The game lasted 00:23:06 (10611 turns).

BlueFish the Covert (Vampire Enchanter)            Turns: 10611, Time: 00:23:07

Health: -1/80      AC:  7    Str: 13    XL:     11   Next: 56%
Magic:  2/29       EV: 16    Int: 17    God:    Dithmenos [**....]
Gold:   532        SH:  9    Dex: 20    Spells: 5/22 levels left

rFire   . . .      SeeInvis +    i - +2 dagger (flame)
rCold   . . .      Faith    .    J - +3 buckler {AC+3}
rNeg    . . .      Spirit   .    O - +2 robe {Will+}
rPois   .          Reflect  .    b - +0 hat {Will+}
rElec   .          Rampage  .    (no cloak)
rCorr   .                        (no gloves)
Will    +++..                    (no boots)
Stlth   ++++++                   (no amulet)
HPRegen 0.53/turn                w - +6 ring of strength
MPRegen 0.21/turn                L - ring of magical power

@: healing quickly, wreathed by umbra
A: alive, fangs 3, see invisible, vampiric 2
a: Exsanguinate, Renounce Religion, Shadow Step


You were on level 9 of the Dungeon.
You worshipped Dithmenos.
Dithmenos was pleased with you.
You visited 1 branch of the dungeon, and saw 9 of its levels.
You also visited: Sewer.

You collected 532 gold pieces.

Inventory:

Hand Weapons
 i - a +2 dagger of flaming (weapon)
Missiles
 h - 3 boomerangs (quivered)
 r - 41 poisoned darts
 s - 2 silver boomerangs
Armour
 b - a +0 hat of willpower (worn)
 y - a +0 helmet
 J - a +3 buckler of protection (worn)
 O - a +2 robe of willpower (worn)
Jewellery
 w - a +6 ring of strength (left hand)
 L - a ring of magical power (right hand)
Wands
 z - a wand of iceblast (11)
 C - a wand of digging (3)
 G - a wand of quicksilver (1)
 H - a wand of polymorph (16)
Scrolls
 a - a scroll of vulnerability {unknown}
 d - a scroll of blinking
 j - 4 scrolls of teleportation
 k - 3 scrolls of poison
 l - a scroll of immolation {unknown}
 m - 2 scrolls of magic mapping
 n - a scroll of enchant weapon {unknown}
 p - a scroll of summoning {unknown}
 x - a scroll of brand weapon
 B - a scroll of fog {unknown}
 F - 2 scrolls of amnesia
 I - a scroll of enchant armour
 N - a scroll of identify
Potions
 c - 6 potions of invisibility
 e - 4 potions of ambrosia
 f - 6 potions of brilliance
 g - 4 potions of flight
 o - 2 potions of magic
 q - a potion of heal wounds
 t - 4 potions of curing
 u - 3 potions of attraction
 v - 3 potions of might
 A - 2 potions of haste {unknown}
 D - a potion of berserk rage {unknown}
 K - a potion of cancellation {unknown}
 M - a potion of lignification {unknown}


   Skills:
 + Level 5.5 Fighting
 + Level 6.7 Short Blades
 + Level 5.1 Armour
 + Level 7.2 Dodging
 + Level 10.6 Stealth
 + Level 3.4 Shields
 + Level 6.0 Spellcasting
 + Level 9.9 Hexes
 + Level 4.6 Necromancy
 + Level 3.8 Invocations
 + Level 3.7 Evocations


You had 5 spell levels left.
You knew the following spells:

 Your Spells              Type           Power      Damage    Failure   Level
a - Ensorcelled Hibernat  Hex/Ice        44%        N/A       3%          2
b - Confusing Touch       Hex            39%        N/A       1%          3
c - Tukima's Dance        Hex            39%        N/A       1%          3
d - Dazzling Flash        Conj/Hex       44%        N/A       6%          3
e - Dispel Undead         Necr           20%        3d11      26%         4
f - Blink                 Tloc           10%        N/A       26%         2

Your spell library contained the following spells:

 Spells                   Type           Power      Damage    Failure   Level
 Portal Projectile        Hex/Tloc       44%        N/A       6%          3
 Kiss of Death            Conj/Necr      52%        2d9       7%          1
 Foxfire                  Conj/Fire      20%        2x1d5     17%         1
 Freeze                   Ice            20%        1d4       17%         1
 Vhi's Electric Charge    Tloc/Air       10%        N/A       45%         3
 Arcjolt                  Conj/Air       2%         1d12      99%         5
 Blade Hands              Tmut           2%         N/A       99%         5
 Fireball                 Conj/Fire      2%         3d4       99%         5
 Starburst                Conj/Fire      2%         6d3       100%        6
 Malign Gateway           Summ/Tloc      2%         N/A       100%        7
 Maxwell's Capacitive Co  Air            2%         ∞         100%        8


Dungeon Overview and Level Annotations

Branches:
Dungeon (9/15)             Temple (0/1) D:5            Lair (0/5) D:9
  Sewer (visited)
    Orc: D:9-12

Altars:
Cheibriados
Dithmenos
Hepliaklqana
Nemelex Xobeh
Trog
Wu Jian
Xom


Innate Abilities, Weirdness & Mutations

Your natural rate of healing is accelerated.
You have razor-sharp teeth.
You have supernaturally acute eyesight. (SInv)
You are afflicted with vampirism and can become a bat while bloodless.


Message History

* * * LOW HITPOINT WARNING * * *
Casting: Tukima's Dance (safe; 1% risk of failure)
Confirm with . or Enter, or press ? or * to list all spells.
Aiming: Tukima's Dance (safe; 1% risk of failure)
Press: ? - help, Shift-Dir - straight line, f/p - centaur warrior
Aim: a centaur warrior, wielding a +4 spear of distortion and wearing a +0 robe of willpower (moderately wounded, umbra, chance to affect: 17%)
The centaur warrior resists with almost no effort.
The centaur warrior hits you from afar with a +4 spear of distortion.
* * * LOW HITPOINT WARNING * * *
Space warps around you.
* * * LOW HITPOINT WARNING * * *
You feel much better. You block the centaur warrior's attack.
You block the troll's attack. The troll closely misses you. x2
The centaur warrior hits you from afar with a +4 spear of distortion!
* * * LOW HITPOINT WARNING * * *
Space warps around you.
* * * LOW HITPOINT WARNING * * *
You feel much better. The centaur warrior closely misses you.
The troll bites you.
* * * LOW HITPOINT WARNING * * *
You block the troll's attack. x2
The troll yells, "Get them off me!"
Casting: Tukima's Dance (safe; 1% risk of failure)
Confirm with . or Enter, or press ? or * to list all spells.
Aiming: Tukima's Dance (safe; 1% risk of failure)
Press: ? - help, Shift-Dir - straight line, f/p - centaur warrior
Aim: a centaur warrior, wielding a +4 spear of distortion and wearing a +0 robe of willpower (lightly wounded, umbra, chance to affect: 17%)
The centaur warrior resists with almost no effort.
You block the centaur warrior's attack. The troll closely misses you.
You block the troll's attack. The troll misses you.
The troll bites itself.
The troll claws itself!
The troll claws itself.
The centaur warrior hits you from afar with a +4 spear of distortion!
* * * LOW HITPOINT WARNING * * *
As you read the scroll of fear, it crumbles to dust.
You assume a fearsome visage.
The centaur warrior easily resists.
The troll looks frightened!
The centaur warrior hits you from afar with a +4 spear of distortion!
* * * LOW HITPOINT WARNING * * *
Space warps around you.
You die...

##..#.#.#.#.#.##.#...#.##.#######
....##.......##...#.#...#.#......
#...#.)..###..##§#.#.#.##.#.#####
#.>.##.[)#.#.##.#.....#.#.#.#
##....[##.##.....#)#.#......#
.#..##.#.#...##.#.....#.#.[.#
.'..#..###....##.#c#.#.##...#
.##.##.......##.T.#.#.. #..##
.##.#.#.#.#.#.##@#...#.##..#
....#####.#########.#####..#
##..# .. ##.... #..# #.# ..#
#...#####..# #.# ##. .#
#..##..##..# #.# $w #.#....#..#
#.. .## #.##.....# #.# .)
#....#.##.#..# #.##
.##.##..##..#.#..#


You could see a centaur warrior and a troll (confused, fleeing).

Vanquished Creatures
  Gastronok (D:9)
  2 two-headed ogres (D:8)
  Pikel (D:5)
  A deep elf pyromancer (D:9)
  4 ugly things
  A cyclops (D:8)
  A manticore (D:9)
  A freezing wraith (D:9)
  A troll (D:9)
  A shadow (D:8)
  10 yaks
  A vampire (D:9)
  A spriggan (shapeshifter) (D:8)
  2 steam dragons (D:9)
  3 acid dragons
  Menkaure (D:6)
  3 water moccasins
  2 orc warriors (D:9)
  2 ice beasts (D:5)
  2 sky beasts
  2 black bears
  2 centaurs
  5 kobold brigands
  2 bullfrogs (D:9)
  3 gnoll sergeants
  A scorpion (D:3)
  5 wights
  2 killer bees (D:9)
  2 howler monkeys
  5 jellies
  4 orc priests
  4 hounds
  5 sleepcaps
  5 iguanas
  10 orc wizards
  5 gnolls
  7 adders
  A shadow imp (D:8)
  A white imp (D:5)
  5 worms
  A dart slug (D:3)
  26 orcs
  12 endoplasms
  2 giant cockroaches (Sewer)
  8 goblins
  9 hobgoblins
  6 jackals
  23 kobolds
  3 quokkas
  9 ball pythons
  3 bats
  9 frilled lizards
  12 rats
240 creatures vanquished.

Vanquished Creatures (collateral kills)
  A wight (D:7)
  2 gnolls (D:8)
  A kobold (D:8)
4 creatures vanquished.

Vanquished Creatures (others)
  13 dancing weapons
  6 fungi (D:9)
  15 plants
  4 withered plants (D:3)
38 creatures vanquished.

Grand Total: 282 creatures vanquished

Notes
Turn   | Place    | Note
-------+----------+-------------------------------------------
     0 | D:1      | BlueFish the Vampire Enchanter began the quest for the Orb.
     0 | D:1      | Reached XP level 1. HP: 13/13 MP: 3/3
   246 | D:1      | Reached XP level 2. HP: 19/19 MP: 5/5
   327 | D:1      | Learned a level 2 spell: Ensorcelled Hibernation
   637 | D:1      | Gained mutation: You are afflicted with vampirism and can
                  | become a bat while bloodless. [Vampire growth]
   637 | D:1      | Reached XP level 3. HP: 25/25 MP: 6/6
   938 | D:2      | Learned a level 3 spell: Confusing Touch
   960 | D:2      | Reached skill level 1 in Fighting
  1038 | D:2      | Reached skill level 1 in Armour
  1101 | D:2      | Reached XP level 4. HP: 32/32 MP: 2/7
  1337 | D:3      | Found a glowing drain.
  1339 | D:3      | Noticed a scorpion
  1347 | D:3      | Killed a scorpion
  1348 | D:3      | Reached skill level 5 in Stealth
  1348 | D:3      | Reached skill level 5 in Hexes
  1352 | D:3      | Learned a level 3 spell: Tukima's Dance
  1374 | D:3      | Reached XP level 5. HP: 37/37 MP: 1/8
  1398 | Sewer    | Entered a sewer
  1775 | Sewer    | Found a shimmering altar of Xom.
  2037 | Sewer    | Reached XP level 6. HP: 35/44 MP: 7/10
  2306 | D:3      | Found a bloodstained altar of Trog.
  2407 | D:3      | Found a faded altar of an unknown god.
  2797 | D:3      | Found a snail-covered altar of Cheibriados.
  3593 | D:4      | Reached skill level 6 in Stealth
  3624 | D:5      | Entered Level 5 of the Dungeon
  3630 | D:5      | Learned a level 3 spell: Dazzling Flash
  3640 | D:5      | Noticed Pikel
  3728 | D:5      | Reached XP level 7. HP: 50/50 MP: 11/11
  4373 | D:5      | Killed Pikel
  4374 | D:5      | Reached skill level 7 in Stealth
  4374 | D:5      | Reached XP level 8. HP: 28/58 MP: 11/13
  4374 | D:5      | Found a staircase to the Ecumenical Temple.
  4909 | D:5      | Found a sparkling altar of Nemelex Xobeh.
  5259 | D:6      | Noticed Menkaure
  5268 | D:6      | Killed Menkaure
  5269 | D:6      | Reached skill level 5 in Dodging
  5463 | D:6      | Found a hazy altar of Hepliaklqana.
  5542 | D:6      | Reached skill level 8 in Stealth
  5699 | D:6      | Learned a level 4 spell: Dispel Undead
  5730 | D:6      | Found a shadowy altar of Dithmenos.
  5754 | D:6      | Became a worshipper of Dithmenos the Shadowed
  5945 | D:6      | Found a shimmering altar of Xom.
  6123 | D:6      | Reached XP level 9. HP: 65/65 MP: 11/15
  6537 | D:7      | Reached skill level 1 in Necromancy
  6772 | D:7      | Reached skill level 1 in Invocations
  6882 | D:7      | Reached skill level 1 in Evocations
  7869 | D:8      | Reached skill level 5 in Short Blades
  8120 | D:8      | Noticed a two-headed ogre
  8198 | D:8      | Killed a two-headed ogre
  8199 | D:8      | Reached skill level 1 in Shields
  8379 | D:8      | Reached skill level 9 in Stealth
  8379 | D:8      | Reached skill level 5 in Spellcasting
  8460 | D:8      | Reached XP level 10. HP: 68/73 MP: 10/17
  8550 | D:8      | Reached * piety under Dithmenos
  8619 | D:8      | Noticed a cyclops
  8632 | D:8      | Killed a cyclops
  9084 | D:8      | Noticed a two-headed ogre
  9114 | D:8      | Killed a two-headed ogre
  9279 | D:8      | Found an ornate altar of the Wu Jian Council.
  9366 | D:8      | Noticed a brown ugly thing
  9373 | D:8      | Killed a brown ugly thing
  9421 | D:9      | Found a staircase to the Lair.
  9527 | D:9      | Noticed a manticore
  9546 | D:9      | Killed a manticore
  9547 | D:9      | Reached skill level 5 in Fighting
  9649 | D:9      | Reached skill level 10 in Stealth
  9674 | D:9      | Reached XP level 11. HP: 53/79 MP: 14/19
  9885 | D:9      | Noticed a purple ugly thing
  9902 | D:9      | Killed a purple ugly thing
  9912 | D:9      | Reached ** piety under Dithmenos
 10027 | D:9      | Noticed Gastronok
 10053 | D:9      | Identified the +11 war axe "Uteic" {vamp, Drain Fly rC+}
 10053 | D:9      | Noticed a deep elf pyromancer
 10060 | D:9      | Killed a deep elf pyromancer
 10128 | D:9      | Noticed a cyan ugly thing
 10154 | D:9      | Killed a cyan ugly thing
 10170 | D:9      | Killed Gastronok
 10171 | D:9      | Reached skill level 5 in Armour
 10355 | D:9      | Noticed a purple ugly thing
 10385 | D:9      | Killed a purple ugly thing
 10468 | D:9      | Got the Atlas of Snow-white Shifting
 10472 | D:9      | Learned a level 2 spell: Blink
 10479 | D:9      | Identified the +0 trident of Nufu {protect, Fragile rPois
                  | rN+}
 10592 | D:9      | Noticed a centaur warrior
 10606 | D:9      | HP: 2/80 [centaur warrior/+4 spear of distortion (4)]
 10611 | D:9      | HP: 3/80 [centaur warrior/+4 spear of distortion (13)]
 10611 | D:9      | Slain by a centaur warrior

Illustrated notes

Levels and vault maps discovered:
D:1:      dpeg_arrival_solitude, layout_loops_ring, minmay_heptomino_h4
D:2:      layout_basic, grunt_ministairs_9
D:3:      layout_loops_ring, cheibrodos_worm_habitat, bloody_trog,
          shapermc_ecumenical_altar_flowoftime, cheibrodos_sewer_entry_bend
D:4:      layout_cave_pods
D:5:      layout_layer_cave, nemelex_spade_bored_becter,
          minmay_temple_entry_overgrown, uniq_pikel
D:6:      layout_loops_ring, marbit_many_paths, kennysheep_mini,
          lemuel_doored_altar, uniq_menkaure
D:7:      layout_layer_cave
D:8:      layout_loops_cross, lemuel_crystal_altar, minmay_shattered_shrine
D:9:      minmay_the_grid_4x2 [minmay_the_grid_x, minmay_the_grid_embedded,
          minmay_the_grid_diamond_grid, minmay_the_grid_dragon_b,
          minmay_the_grid_tiny_cups, minmay_the_grid_small_cups,
          minmay_the_grid_fan, minmay_the_grid_prize_four_corners_diamond_b],
          layout_basic, mainiacjoe_overflow_boulevard, nicolae_ru_awakened_eye,
          uniq_gastronok

Skill      XL: |  1  2  3  4  5  6  7  8  9 10 11 |
---------------+----------------------------------+-----
Fighting       | 1 2 3 4 5 |  5.5
Armour         | 1 2 3 4 5 |  5.1
Short Blades   | 2 4 5 6 |  6.7
Dodging        | 3 4 5 6 7 |  7.2
Stealth        | 5 6 7 8 9 10 | 10.6
Hexes          | 5 6 7 8 9 |  9.9
Spellcasting   | 3 4 5 6 |  6.0
Necromancy     | 2 3 4 |  4.6
Invocations    | 2 3 |  3.8
Evocations     | 2 3 |  3.7
Shields        | 1 2 3 |  3.4

Action                     |  1- 3 |  4- 6 |  7- 9 | 10-12 || total
---------------------------+-------+-------+-------+-------++-------
  Melee: Dagger            |    92 |   175 |   328 |   305 ||   900
         Bite              |    11 |    18 |    39 |    47 ||   115
         Punch             |       |     1 |     6 |       ||     7
   Cast: Ensorcelled Hiber |     6 |    30 |    13 |     3 ||    52
         Confusing Touch   |     1 |     2 |    34 |    39 ||    76
         Tukima's Dance    |       |       |    20 |    20 ||    40
         Dazzling Flash    |       |       |       |     4 ||     4
  Evoke: Wand              |       |       |       |     5 ||     5
    Use: Scroll            |       |     1 |     8 |     9 ||    18
         Potion            |       |       |       |     2 ||     2
   Stab: Sleeping          |    12 |    30 |    19 |     5 ||    66
         Distracted        |     1 |       |     1 |     2 ||     4
         Confused          |     1 |     2 |    23 |    35 ||    61
         Invisible         |       |       |       |     1 ||     1
 Armour: Robe              |     8 |    17 |    58 |    19 ||   102
  Dodge: Dodged            |    41 |    72 |   191 |   122 ||   426
  Block: Buckler           |       |       |    14 |    82 ||    96

Table legend: (Time is in decaauts)
 A = Elapsed time spent in this place.
 B = Non-inter-level travel time spent in this place.
 C = Inter-level travel time spent in this place.
 D = Time resting spent in this place.
 E = Time spent auto-exploring this place.
 F = Levels seen in this place.
 G = Mean time per level.
                   A        B        C        D        E       F      G
               +--------+--------+--------+--------+--------+-----+--------+
         Total |  10490 |  10167 |    323 |      2 |   7819 |  10 | 1049.0 |
       Dungeon |   9786 |   9463 |    323 |      0 |   7397 |   9 | 1087.3 |
         Sewer |    704 |    704 |      0 |      2 |    422 |   1 |  704.0 |
               +--------+--------+--------+--------+--------+-----+--------+

Top non-repeatable levels by time:
     D:8: 1658 daAuts
     D:5: 1599 daAuts
     D:7: 1361 daAuts
     D:6: 1198 daAuts
     D:9: 1017 daAuts
     D:3: 946 daAuts
     D:1: 742 daAuts
   Sewer: 704 daAuts
     D:4: 684 daAuts
     D:2: 577 daAuts
